Map: Interloper LE

Players

BlackDivine - Winner!

  • Race: Zerg Zerg
  • Spawn Location: 5:00

Yata

  • Race: Zerg Zerg
  • League: Gold
  • Spawn Location: 11:00

VOD

Have the link to the VOD?

Description

Time

  • Played on: Sept. 2, 2017, 11:54 p.m.
  • Length: 15:07
Show
View Real Time Build Order
Export as new Build Order

BlackDivine Zerg - Winner!

Build Orders: Pool First, Lurkers, Zergling Baneling 

Get SALT Encoding   

  12  0:01  Drone  
  13  0:08  Drone  
  14  0:16  Overlord  
  14  0:34  Spawning Pool  
  13  0:36  Drone  
  13  0:40  Drone  
  15  0:45  Drone  
  16  0:51  Extractor, Drone  
  16  1:02  Drone  
  17  1:09  Drone  
  18  1:19  Drone  
  18  1:21  Queen  
  21  1:30  Overlord  
  21  1:38  Baneling Nest  
  20  1:41  Zergling x2  
  21  1:51  Zergling x2  
  22  2:02  Zergling x2, Hatchery  
  22  2:14  Burrow  
  23  2:15  Zergling x2  
  23  2:25  Zergling x2  
  24  2:30  Drone x2  
  24  2:32  Zergling x2  
  27  2:41  Spine Crawler  
  25  3:18  Baneling x4  
  25  3:21  Baneling  
  25  3:22  Baneling x2  
  25  3:24  Queen  
  25  3:26  Zergling x10  
  25  3:27  Zergling x6  
  34  3:52  Baneling  
  34  3:53  Baneling x2  
  34  4:18  Zergling x4, Extractor  
  34  4:19  Zergling x2  
  35  4:40  Metabolic Boost  
  35  4:47  Overlord  
  35  4:48  Overlord x2  
  35  5:01  Baneling  
  35  5:02  Baneling x4  
  35  5:15  Baneling x5  
  35  5:23  Lair  
  34  5:40  Drone x5  
  34  5:41  Drone  
  34  5:42  Drone x9  
  48  6:13  Drone x4  
  48  6:14  Drone x3  
  48  6:16  Extractor x2  
  53  6:24  Hydralisk Den  
  52  6:27  Baneling x5  
  42  7:04  Hydralisk  
  42  7:05  Hydralisk x8  
  59  7:18  Baneling x3  
  59  7:27  Baneling x2  
  59  7:28  Baneling  
  56  7:57  Lurker Den  
  56  8:09  Spire, Drone x3  
  58  8:18  Zergling x2  
  58  8:19  Zergling x2  
  60  8:21  Overlord x7  
  60  8:24  Pneumatized Carapace  
  60  8:31  Hatchery  
  59  8:36  Overseer  
  59  9:01  Zergling x12  
  65  9:30  Lurker x3  
  65  9:31  Lurker x3  
  71  9:33  Lurker  
  72  9:43  Lurker  
  73  9:52  Lurker  
  74  10:13  Queen  
  76  10:36  Zergling x16  
  76  10:37  Zergling x2  
  68  11:57  Mutalisk  
  68  11:58  Mutalisk x12  
  95  12:15  Zergling x2  
  95  12:16  Zergling x10  
  95  12:17  Queen  
  90  13:35  Zergling x4  
  90  13:36  Zergling x40  
  86  14:16  Mutalisk x2  
  88  14:17  Mutalisk x11  
Show
View Real Time Build Order
Export as new Build Order

Yata Zerg 

Build Orders: Hatch First 

Get SALT Encoding   

  12  0:01  Drone  
  13  0:12  Overlord  
  13  0:21  Drone  
  14  0:31  Drone x2  
  14  0:35  Drone  
  17  0:54  Hatchery  
  16  0:58  Drone  
  16  1:02  Drone  
  18  1:12  Extractor  
  18  1:16  Spawning Pool  
  17  1:18  Drone  
  17  1:22  Drone  
  18  1:29  Drone  
  19  1:41  Overlord  
  19  1:54  Drone  
  20  2:01  Drone  
  21  2:02  Queen  
  21  2:06  Queen  
  25  2:11  Zergling x2  
  25  2:12  Zergling x2  
  25  2:14  Metabolic Boost  
  27  2:17  Drone  
  27  2:22  Drone  
  29  2:34  Zergling x4  
  31  2:42  Spine Crawler  
  30  2:46  Zergling x4  
  31  3:04  Drone x3  
  34  3:15  Baneling Nest  
  33  3:22  Drone x2  
  33  3:24  Overlord x2  
  35  3:30  Extractor  
  35  3:31  Drone  
  35  3:40  Zergling x4  
  35  3:41  Zergling x4  
  34  3:55  Drone x7  
  41  4:08  Overlord x2  
  41  4:13  Hatchery  
  41  4:15  Evolution Chamber  
  39  4:20  Lair  
  39  4:29  Baneling x4  
  39  4:31  Zergling x6  
  40  4:38  Zergling x4  
  40  4:39  Zergling x4  
  40  4:43  Zerg Melee Weapons Level 1  
  44  4:53  Evolution Chamber  
  44  4:54  Pneumatized Carapace  
  44  4:58  Drone x4  
  47  5:01  Drone  
  47  5:03  Extractor  
  47  5:05  Zergling x2  
  48  5:17  Centrifical Hooks  
  48  5:22  Roach Warren  
  48  5:25  Zerg Ground Armor Level 1  
  46  5:46  Drone  
  46  5:47  Drone x10  
  56  5:55  Drone x2  
  56  5:56  Drone x2  
  60  6:02  Drone x2  
  60  6:03  Drone  
  63  6:11  Zergling x4  
  65  6:28  Zergling x2  
  65  6:30  Overlord x4  
  61  6:50  Zergling x2  
  61  6:51  Zergling x16  
  68  6:54  Zergling x4  
  68  6:55  Zergling x4  
  71  7:02  Zerg Melee Weapons Level 2  
  71  7:05  Glial Reconstitution  
  71  7:14  Roach  
  71  7:15  Roach x6  
  82  7:19  Zerg Missile Weapons Level 1  
  82  7:22  Queen  
  84  7:27  Roach  
  84  7:28  Roach x3  
  83  7:53  Roach x8  
  83  7:54  Roach  
  97  8:08  Drone  
  97  8:11  Overlord x2  
  97  8:12  Overlord x2, Extractor x2, Hydralisk Den  
  95  8:15  Roach  
  97  8:24  Overlord x5  
  97  8:32  Drone x5  
  97  8:33  Drone  
  103  8:38  Roach x3  
  109  8:41  Muscular Augments  
  109  8:48  Hydralisk x6  
  109  8:53  Drone x2  
  123  9:01  Hydralisk  
  125  9:09  Unknown  
  125  9:14  Zerg Missile Weapons Level 2  
  125  9:17  Zerg Ground Armor Level 2, Hydralisk x2  
  125  9:23  Roach x2  
  125  9:24  Roach, Extractor  
  134  9:34  Spore Crawler  
  133  9:43  Spore Crawler  
  133  9:44  Spore Crawler  
  131  9:52  Hydralisk  
  131  9:53  Hydralisk x7  
  143  10:12  Spire  
  143  10:13  Overseer  
  142  10:18  Hydralisk x2  
  146  10:43  Infestation Pit  
  145  11:05  Hatchery  
  145  11:09  Spire  
  143  11:24  Hive  
  143  11:27  Mutalisk x3  
  143  11:28  Mutalisk x2  
  151  11:51  Mutalisk  
  151  11:52  Mutalisk x3  
  149  12:03  Overseer x3  
  149  12:04  Overseer  
  149  12:21  Drone x3  
  149  12:22  Drone x7  
  159  12:23  Drone x4  
  159  12:24  Hydralisk x3  
  159  12:25  Hydralisk x3  
  175  12:51  Mutalisk x4  
  162  13:29  Overlord x3  
  162  13:30  Overlord x4  
  162  13:31  Overlord x7  
  162  13:32  Overlord  
  162  13:39  Spore Crawler  
  162  13:40  Spore Crawler  
  160  13:47  Queen x3  
  118  14:04  Roach  
  118  14:05  Roach x11  
  114  14:16  Hydralisk x6  
  114  14:17  Hydralisk x2  
  116  14:23  Queen  
  132  14:32  Extractor  
Tags
 
League
Gold
Matchup
ZvZ
Race
Zerg
Replay Pack
Pack 1
Spawn Locations
Cross Positions
Add a new tag
Caveats
  • Supply blocks, unpowered buildings, or Contaminate may cause inaccurate times.
  • Supply counts are checked every 10 seconds.